[Event "Live Chess"]
[Site "Chess.com"]
[Date "2023.05.21"]
[Round "-"]
[White "ChessClubLive"]
[Black "raminguy"]
[Result "1-0"]
[WhiteElo "1968"]
[BlackElo "1958"]
[TimeControl "300"]
[EndTime "19:35:45 PDT"]
[Termination "ChessClubLive won by resignation"]

1. e4 e5 2. f4 exf4 3. Nf3 g5 4.
Bc4 Bg7 5. O-O h6 6. d4 d6 7. Nbd2 Nf6 8. c3 O-O 9. Qc2 Nc6 10. a3 Ng4 11. Nb1 a6 12. h3 Nf6 13. Nbd2 b5 14. Ba2 Ne7 15. Bb1 Nh5 16. e5 Bf5 17.
Qd1 Bxb1 18. Rxb1 dxe5 19. Nxe5 Bxe5 20. Qxh5 Bg7 21. Ne4 Nf5 22. Bxf4 gxf4 23. Qxf5 Rc8 24. Rxf4 c6 25. Rg4 Kh8 26. Rf1 Qe7 27. Qh5 Rce8 28. Nf6 Rd8 29. Rxg7 Kxg7 30. Qg4+ Kh8 31. Qf5 Qe3+ 32.
Kh1 1-0

[Event "Live Chess"]
[Site "Chess.com"]
[Date "2023.05.21"]
[Round "-"]
[White "romchyk1219"]
[Black "ViktorTheCoolBoy"]
[Result "0-1"]
[WhiteElo "639"]
[BlackElo "2496"]
[TimeControl "300"]
[EndTime "19:35:45 PDT"]
[Termination "ViktorTheCoolBoy won by resignation"]

1. e4 g6 2. d4 Bg7 3. Nf3 c6 4. g3 d5 5. e5 f6 6. exf6 Nxf6 7.
Bg2 O-O 8. O-O Ne4 9. Nfd2 Nd6 10. Nf3 Nd7 11. Re1 Nf6 12. Bg5 Nfe4 13. Bd2 Nc4 14. Bb4 Nxb2 15. Nfd2 Nxd1 0-1

[Event "Live Chess"]
[Site "Chess.com"]
[Date "2023.05.21"]
[Round "-"]
[White "Olisingapore"]
[Black "xx_blindpuffin_xx"]
[Result "0-1"]
[WhiteElo "1789"]
[BlackElo "2185"]
[TimeControl "300"]
[EndTime "19:35:56 PDT"]
[Termination "xx_blindpuffin_xx won by resignation"]

1. d4 d6 2. c4 Nd7 3. g3 c5 4. d5 Ngf6 5. Bg2 g6 6. Nf3 Bg7 7. O-O O-O 8. Nc3 a6 9. a4 Rb8 10. e4 Ne8 11. Re1 Nc7 12. Qc2 b5 13. axb5 axb5 14.
cxb5 Nxb5 15. Nxb5 Rxb5 16. Bf1 Rb4 17. Bd2 Rxb2 18.
Qc1 Rb3 19. Bc4 Rxf3 20. Be2 Rb3 21. Ra8 Qb6 22. Qb1 Rxb1 0-1

[Event "Live Chess"]
[Site "Chess.com"]
[Date "2023.05.21"]
[Round "-"]
[White "worldchessleaguelive"]
[Black "grillage"]
[Result "0-1"]
[WhiteElo "1353"]
[BlackElo "1809"]
[TimeControl "300"]
[EndTime "19:35:59 PDT"]
[Termination "grillage won by checkmate"]

1. d4 Nf6 2. Bf4 e6 3. e3 b6 4. Nf3 Bb7 5. Be2 Be7 6. O-O O-O 7. Nbd2 c5 8. c3 d6 9. h3 cxd4 10. cxd4 Nbd7 11. Rc1 Re8 12. Bb5 a6 13. Bc6 Qb8 14.
Bxd7 Nxd7 15. Nb3 Nf6 16. Re1 Qd8 17. Nbd2 Bf8 18. e4 e5 19. dxe5 dxe5 20. Bxe5 Bc5 21.
Bxf6 Qxf6 22. e5 Qh6 23. Qb3 Rad8 24. Rxc5 Rxd2 25. Rc7 Bd5 26. Qa3 Bxf3 27. Qxf3 Qe6 28. Qc3 Red8 29. Rc6 Qf5 30. Qe3 h6 31. Rxb6 R8d3 32.
Qc5 Rd4 33. Rf1 Rd1 34. Rb8+ Kh7 35. Qc8 Rxf1+ 36. Kxf1 Rd1+ 37. Ke2 Qd3# 0-1

[Event "Live Chess"]
[Site "Chess.com"]
[Date "2023.05.21"]
[Round "-"]
[White "Pablo_dmp"]
[Black "KeithArkell"]
[Result "0-1"]
[WhiteElo "1861"]
[BlackElo "2573"]
[TimeControl "300"]
[EndTime "19:36:20 PDT"]
[Termination "KeithArkell won on time"]

1. e4 d5 2. exd5 Nf6 3. c4 c6 4. dxc6 Nxc6 5. Nc3 e5 6. Be2 Bc5 7. d3 h6 8. Nf3 O-O 9. O-O Bf5 10. Be3 Bxe3 11.
fxe3 e4 12. dxe4 Nxe4 13. Qxd8 Rfxd8 14. Nxe4 Bxe4 15. Rad1 Bc2 16. Rxd8+ Rxd8 17. Rc1 Be4 18. Kf2 g5 19. Rd1 Re8 20. Nd4 Ne5 21. h3 Kg7 22. Bf3 Bxf3 23. Nxf3 Nxc4 24. b3 Nb6 25. Nd4 Re5 26. g4 Nd5 27. Nf5+ Kf6 28. Nxh6 Nxe3 29. Re1 Nc2 30. Rxe5 Kxe5 31. Nxf7+ Kf4 32. Nd6 Nb4 33. Nxb7 Nxa2 34. Nc5 Ke5 35. Ke3 Nc3 36. Nd3+ Kd5 37. Nb4+ Kc5 38. Nd3+ Kb5 39. Ne5 Nd5+ 40. Ke4 Ne7 41.
Nf7 Kb4 42. Nxg5 Kxb3 43. Ne6 a5 44. h4 Kc4 45. Nd4 a4 46. g5 a3 47. Nc2 a2 48.
Na1 Kc3 49. h5 Kb2 50. g6 Ng8 51. Ke5 Kxa1 52. Ke6 Kb2 53. Kf7 Nh6+ 54. Kg7 Ng4 55. h6 a1=Q 56. h7 Kc2+ 57. Kg8 Nh6+ 0-1

[Event "Live Chess"]
[Site "Chess.com"]
[Date "2023.05.21"]
[Round "-"]
[White "Conradical12"]
[Black "alanmike75"]
[Result "0-1"]
[WhiteElo "1640"]
[BlackElo "1608"]
[TimeControl "300"]
[EndTime "19:36:28 PDT"]
[Termination "alanmike75 won by resignation"]

1. e4 e5 2. Nf3 d6 3. Bc4 Be7 4. O-O Nf6 5. c3 O-O 6. d3 c5 7. Nbd2 Nc6 8. Qb3 Na5 9. Qa4 Nxc4 10. Qxc4 Be6 11. Qa4 a6 12. Qd1 b5 13. Ng5 Bd7 14.
c4 h6 15. Ngf3 Rb8 16. b3 b4 17. Bb2 a5 18. Re1 a4 19. Nf1 a3 20. Bc1 Nh7 21. Ne3 Be6 22. Nd5 Bxd5 23. exd5 f5 24. Qe2 Bf6 25. Rb1 Qd7 26. g3 Rbe8 27. Nh4 Bxh4 28.
gxh4 Nf6 29. Kh1 Qf7 30. Rg1 Kh8 31. Qf3 Qh5 32. Qg2 Rf7 33. f4 e4 34. Re1 Qxh4 35. Bd2 Rfe7 36. d4 e3 37. Bxb4 cxb4 38. Rg1 Qxf4 39.
Rbe1 Ng4 40. h3 Nf2+ 0-1

[Event "Live Chess"]
[Site "Chess.com"]
[Date "2023.05.21"]
[Round "-"]
[White "romchyk1219"]
[Black "Fazer180"]
[Result "0-1"]
[WhiteElo "639"]
[BlackElo "1743"]
[TimeControl "300"]
[EndTime "19:37:09 PDT"]
[Termination "Fazer180 won by resignation"]

1. e4 e6 2. d4 d5 3. e5 c5 4. Nf3 Nc6 5. Be3 Qb6 6. dxc5 Bxc5 7. Bxc5 Qxc5 8. Bd3 Qb4+ 9. Nc3 Qxb2 10. Na4 Qb4+ 11. Nc3 Qxc3+ 0-1

[Event "Live Chess"]
[Site "Chess.com"]
[Date "2023.05.21"]
[Round "-"]
[White "OceanFloater"]
[Black "LiamBellwood"]
[Result "0-1"]
[WhiteElo "1015"]
[BlackElo "2026"]
[TimeControl "300"]
[EndTime "19:37:34 PDT"]
[Termination "LiamBellwood won by resignation"]

1. e4 e6 2. Nf3 d5 3. exd5 exd5 4.
d4 Bd6 5. Nc3 Ne7 6. Bd3 c6 7.
O-O Bg4 8. h3 Bh5 9. Be2 O-O 10.
Ne5 Bxe2 11. Qxe2 f6 12. Ng4 Qd7 13. Re1 Kf7 14. Bd2 Na6 15. a3 Nc7 16. b4 Rfe8 17. Na4 Ng6 18. Qd3 b6 19. Rxe8 Rxe8 20. Re1 Rxe1+ 21. Bxe1 Ne6 22. Nc3 Nef4 23. Qf3 Qe6 24. Kf1 Nh4 25. g3 Nxf3 0-1

[Event "Live Chess"]
[Site "Chess.com"]
[Date "2023.05.21"]
[Round "-"]
[White "garyjc"]
[Black "therealab0ne"]
[Result "1-0"]
[WhiteElo "1048"]
[BlackElo "720"]
[TimeControl "300"]
[EndTime "19:37:56 PDT"]
[Termination "garyjc won by checkmate"]

1. e4 c5 2. Nc3 Nc6 3. f4 e6 4.
Nf3 Nf6 5. Bb5 d5 6. Bxc6+ bxc6 7. e5 Ne4 8. Nxe4 dxe4 9. Ng5 Be7 10. O-O f5 11. d3 Bxg5 12. fxg5 Qb6 13. Be3 O-O 14. Qe1 f4 15. Bf2 e3 16. Bh4 Bb7 17.
c4 Rad8 18. Rb1 Rxd3 19. Rd1 Rxd1 20. Qxd1 Ba6 21. b3 Rd8 22. Qe2 Rd2 23. Qf3 Rxa2 24. Qxf4 Qxb3 25. g6 Bxc4 26. gxh7+ Kxh7 27. Qe4+ g6 28. Rf7+ Kh6 29. Qf4+ g5 30. Qf6+ Kh5 31. Rh7+ Kg4 32.
h3# 1-0

[Event "Live Chess"]
[Site "Chess.com"]
[Date "2023.05.21"]
[Round "-"]
[White "ClassyChameleon"]
[Black "smoggyrabbit"]
[Result "0-1"]
[WhiteElo "1084"]
[BlackElo "1736"]
[TimeControl "300"]
[EndTime "19:38:26 PDT"]
[Termination "smoggyrabbit won on time"]

1. e4 e6 2. d4 d5 3. e5 c5 4. Nf3 Nc6 5. c3 Bd7 6. Be2 Nge7 7. O-O Nf5 8. Bf4 Be7 9. Nbd2 cxd4 10. cxd4 O-O 11.
Nb3 g5 12. Bg3 h5 13. h3 g4 14. hxg4 hxg4 15. Nh2 Nxg3 16. fxg3 Qb6 17. Bd3 f5 18. Nxg4 Nxd4 19. Nxd4 Qxd4+ 20. Nf2 Qxe5 21. g4 Bd6 22. Re1 Qh2+ 23. Kf1 f4 24. Qf3 Qg3 25. Ke2 Bc6 26.
Nh1 Qxf3+ 27. gxf3 Bb4 28. Rg1 Bc5 29. Rg2 e5 30.
Kd2 e4 31. fxe4 dxe4 32. Bc4+ Kg7 33. g5 e3+ 34. Ke2 Bxg2 35. Bd3 f3+ 36. Kd1 Rad8 37. Kc2 e2 38. Bxe2 fxe2 39. Ng3 Rfe8 40. Nxe2 Rxe2+ 41. Kc3 Be7 42. Kc4 Bxg5 43. Kb5 Rxb2+ 44. Kc4 Bd5+ 45. Kd3 Bf7+ 0-1

[Event "Live Chess"]
[Site "Chess.com"]
[Date "2023.05.21"]
[Round "-"]
[White "LiamBellwood"]
[Black "romchyk1219"]
[Result "1-0"]
[WhiteElo "2026"]
[BlackElo "639"]
[TimeControl "300"]
[EndTime "19:38:26 PDT"]
[Termination "LiamBellwood won by checkmate"]

1. d4 Nf6 2. Nc3 g6 3. Bf4 Bg7 4. e4 O-O 5. Qd2 d6 6. Bh6 Bxh6 7. Qxh6 d5 8. e5 Nfd7 9. Nf3 Nb6 10. Ng5 f6 11.
Qxh7# 1-0

[Event "Live Chess"]
[Site "Chess.com"]
[Date "2023.05.21"]
[Round "-"]
[White "KeithArkell"]
[Black "alanmike75"]
[Result "1-0"]
[WhiteElo "2573"]
[BlackElo "1608"]
[TimeControl "300"]
[EndTime "19:39:56 PDT"]
[Termination "KeithArkell won by resignation"]

1. d4 d5 2. Nf3 Nf6 3. c4 c6 4.
Nc3 e6 5. cxd5 exd5 6. Qc2 Bd6 7. Bg5 h6 8. Bxf6 Qxf6 9. Nxd5 Qd8 10. Nc3 O-O 11.
e3 Bg4 12. Be2 Nd7 13. O-O Nf6 14. h3 Bh5 15. Rad1 Bg6 16. Bd3 Bxd3 17. Qxd3 Re8 18.
Rfe1 Bb4 19. a3 Ba5 20. b4 Bc7 21. d5 cxd5 22. Nxd5 Nxd5 23. Qxd5 Qxd5 24. Rxd5 Re7 25. Red1 1-0

[Event "Live Chess"]
[Site "Chess.com"]
[Date "2023.05.21"]
[Round "-"]
[White "Tushinskiy"]
[Black "Biranidun"]
[Result "0-1"]
[WhiteElo "2187"]
[BlackElo "2517"]
[TimeControl "300"]
[EndTime "19:40:00 PDT"]
[Termination "Biranidun won by resignation"]

1. d4 Nf6 2. c3 g6 3. Nf3 Bg7 4. Bg5 d6 5. Nbd2 O-O 6. e4 c5 7. d5 e6 8. dxe6 Bxe6 9. Be2 h6 10. Bh4 Nc6 11. O-O Qc7 12. Re1 Rfe8 13. Qc2 a6 14. Rad1 b5 15. Bg3 Nh5 16. Nf1 Rad8 17. Ne3 Nxg3 18.
hxg3 Ne7 19. a4 Qc6 20. axb5 axb5 21. Bf1 Rb8 22. Rd2 b4 23. Red1 Red8 24. c4 b3 25. Qb1 Qc7 26. Nd5 Nxd5 27. exd5 Bg4 28. Bd3 Re8 29.
Re1 Rxe1+ 30. Qxe1 Kf8 31. Re2 Bf6 32. Qd1 Re8 33. Rxe8+ Kxe8 34. Qxb3 Kf8 35. Bf1 Kg7 36. Qc2 Qb6 37. b3 Qa5 38. Nh2 Bf5 39. Bd3 Qe1+ 40. Nf1 Bg4 41. Qd2 Qa1 42. Qf4 Qd4 43. Qxd4 Bxd4 44. Bc2 Be2 45. Nd2 f5 46. Nf3 Bc3 47.
Nh2 Kf6 48. Nf1 Ke5 49. Ne3 Bd2 50. Kh2 Kd4 51. Bxf5 gxf5 52. Nxf5+ Ke5 53. Nxh6 Bxh6 0-1

[Event "Live Chess"]
[Site "Chess.com"]
[Date "2023.05.21"]
[Round "-"]
[White "CheckThis4"]
[Black "chessfiction"]
[Result "1/2-1/2"]
[WhiteElo "2508"]
[BlackElo "2358"]
[TimeControl "300"]
[EndTime "19:40:34 PDT"]
[Termination "Game drawn - timeout vs insufficient material"]

1. d4 c6 2. c4 d5 3. Nc3 Nf6 4. Nf3 dxc4 5. a4 Bf5 6. e3 e6 7.
Bxc4 Bb4 8. O-O O-O 9. Bd3 Bxd3 10.
Qxd3 c5 11. Qc4 Nbd7 12. Na2 a5 13. Nxb4 cxb4 14. b3 Rc8 15. Qb5 Nd5 16. Qxb7 Nc3 17. Bb2 Nf6 18. Bxc3 Rxc3 19. Rab1 Qd5 20. Qxd5 exd5 21.
h3 Ne4 22. Rfd1 Rc2 23. Rf1 Rfc8 24. g4 f6 25. Kg2 Re2 26. Rbe1 Rcc2 27. Rxe2 Rxe2 28.
Nh4 g6 29. Kg1 Rb2 30. f3 Nc3 31. e4 Ne2+ 32. Kf2 Nxd4+ 33. Ke3 Nc2+ 34. Kd3 dxe4+ 35. fxe4 Kg7 36. Nf3 Na3 37. Nd2 h6 38. Rc1 h5 39.
gxh5 gxh5 40. h4 Kf7 41. Rc5 Nb1 42. Nxb1 Rxb1 43. Rxa5 Rxb3+ 44. Kc4 Re3 45. Rxh5 Rxe4+ 46. Kb3 Kg6 47. Rb5 Rxh4 48. Rxb4 Rh3+ 49. Kc4 Rh5 50. Rb5 Rh4+ 51. Kb3 Rh3+ 52. Kb4 Rh1 53. a5 Rb1+ 54. Kc5 Ra1 55. Kb6 f5 56. a6 Kg5 57. Ra5 Rb1+ 58.
Kc7 Rc1+ 59. Kd6 Rd1+ 60. Ke6 Re1+ 61. Kf7 Rc1 62. a7 Rc7+ 63. Ke6 Rc6+ 64. Kd5 Rc8 65. a8=Q Rxa8 66. Rxa8 Kg4 67. Rg8+ Kf3 68. Ke5 f4 69.
Rf8 Ke3 70. Rxf4 Kd3 71. Rf3+ Ke2 72. Ke4 Kd2 73. Rf2+ Kc3 74. Re2 Kc4 75. Rc2+ Kb3 76. Kd3 Kb4 77. Rc3 Kb5 78. Kd4 Kb4 79. Rc4+ Kb5 80. Kd5 Kb6 81. Kd6 Kb5 82. Rd4 Kb6 83. Rb4+ Ka5 84. Kc5 Ka6 1/2-1/2

[Event "Live Chess"]
[Site "Chess.com"]
[Date "2023.05.21"]
[Round "-"]
[White "GEMdzq"]
[Black "LutherSullivan"]
[Result "0-1"]
[WhiteElo "2280"]
[BlackElo "2151"]
[TimeControl "300"]
[EndTime "19:41:09 PDT"]
[Termination "LutherSullivan won by resignation"]

1. e4 e5 2. Nf3 Nc6 3. Bb5 a6 4. Ba4 Nf6 5. O-O Be7 6. Re1 b5 7. Bb3 O-O 8. a4 b4 9. d3 d6 10. Nbd2 h6 11. Nf1 Re8 12. a5 Bf8 13. Ne3 Ne7 14.
d4 Ng6 15. Nd5 exd4 16. Nxd4 c5 17. Nc6 Qd7 18. Nxf6+ gxf6 19. Qh5 Qg4 20. Qxg4 Bxg4 21. c3 Bd7 22. Ba4 Rac8 23. Na7 Rc7 24. cxb4 Bxa4 25. Rxa4 Rxa7 26. bxc5 dxc5 27. Be3 Rb7 28. Re2 Rb4 29. Rxb4 cxb4 30. f3 Ne5 31. Rc2 Rd8 32. Kf2 b3 33.
Rc3 Rd3 34. Rc8 Kg7 35. h3 Rd1 36. f4 Nd3+ 37. Ke2 Nxb2 38. Bc1 Rg1 39. Kf2 Rxc1 40.
Rxc1 Nd3+ 41. Ke3 Nxc1 42. Kd2 Ba3 43. Kc3 Kf8 44. g4 b2 45. Kc2 Nb3 46. h4 Nd2 0-1

[Event "Live Chess"]
[Site "Chess.com"]
[Date "2023.05.21"]
[Round "-"]
[White "therealab0ne"]
[Black "OceanFloater"]
[Result "0-1"]
[WhiteElo "717"]
[BlackElo "1017"]
[TimeControl "300"]
[EndTime "19:41:58 PDT"]
[Termination "OceanFloater won by resignation"]

1. e4 c6 2. d4 d5 3. f3 Nf6 4. e5 Nh5 5. Nc3 Bf5 6. f4 e6 7. Qxh5 g6 8. Qg5 Be7 9. Qg3 Bh4 10. Qxh4 Qxh4+ 11. g3 Qe7 12. Nf3 c5 13. Bb5+ Nc6 14.
Be3 a6 15. Ba4 b5 16. Nxb5 axb5 17. Bxb5 cxd4 18. Nxd4 Qb4+ 19. c3 Qxb2 20. Bxc6+ Ke7 21. O-O Qxc3 22. Bxa8 Qxe3+ 23. Kh1 Be4+ 24. Nf3 Rxa8 25. Rae1 Bxf3+ 26. Rxf3 Qxf3+ 27. Kg1 Rxa2 0-1

[Event "Live Chess"]
[Site "Chess.com"]
[Date "2023.05.21"]
[Round "-"]
[White "manthanit"]
[Black "Long1968"]
[Result "0-1"]
[WhiteElo "1060"]
[BlackElo "1075"]
[TimeControl "300"]
[EndTime "19:41:59 PDT"]
[Termination "Long1968 won by checkmate"]

1. e4 e6 2. d4 d5 3. exd5 exd5 4.
Nc3 Nf6 5. a3 Be7 6. Nf3 Bg4 7.
Be2 O-O 8. h3 Bh5 9. O-O c6 10.
Ne5 Bxe2 11. Qxe2 Nbd7 12. Nxd7 Qxd7 13. Qd2 Rfe8 14. Nd1 Ne4 15. Qd3 c5 16. f3 Ng3 17.
Re1 cxd4 18. Qxd4 Bf6 19. Rxe8+ Qxe8 20. Qd3 Qe1+ 21. Kh2 Nf1+ 22. Kg1 Ne3+ 23. Kh2 Be5+ 24. g3 Bxg3# 0-1

[Event "Live Chess"]
[Site "Chess.com"]
[Date "2023.05.21"]
[Round "-"]
[White "Biranidun"]
[Black "Pablo_dmp"]
[Result "1-0"]
[WhiteElo "2518"]
[BlackElo "1861"]
[TimeControl "300"]
[EndTime "19:42:34 PDT"]
[Termination "Biranidun won by resignation"]

1. e4 c5 2. Nf3 Nc6 3. d4 cxd4 4. Nxd4 Nf6 5. Nc3 e5 6. Ndb5 d6 7. Bg5 a6 8. Na3 Be7 9. Nc4 Be6 10. Bxf6 gxf6 11. Ne3 Rb8 12. Bd3 b5 13. O-O Rg8 14. Ncd5 Qd7 15. a4 Bg4 16. Nxg4 Qxg4 17. Qxg4 Rxg4 18.
axb5 axb5 19. Bxb5 Kd7 20. Bxc6+ Kxc6 21. Nxe7+ Kc5 22.
f3 1-0

[Event "Live Chess"]
[Site "Chess.com"]
[Date "2023.05.21"]
[Round "-"]
[White "Conradical12"]
[Black "worldchessleaguelive"]
[Result "0-1"]
[WhiteElo "1627"]
[BlackElo "1378"]
[TimeControl "300"]
[EndTime "19:43:22 PDT"]
[Termination "worldchessleaguelive won - game abandoned"]

1. e4 d5 2. exd5 Qxd5 3. Nc3 Qd8 4. Nf3 Nf6 5. Bc4 e6 6. O-O Be7 7. d3 O-O 8. Be3 c6 9. Qd2 b5 10. Bb3 a5 11. a4 b4 12. Ne2 Bb7 13. Ng3 c5 14. d4 Bxf3 15. gxf3 cxd4 16. Bxd4 Nc6 17. Be3 Qxd2 18. Bxd2 Rfd8 19. Be3 Nd4 20. Bxd4 Rxd4 21.
Kh1 Rad8 22. Rae1 Rd2 23. Nf5 Bc5 24. Ne3 Bxe3 25. Rxe3 Nd5 26. Bxd5 R8xd5 27. Rc1 Rxf2 28. c4 Rdd2 29. c5 Rxh2+ 30. Kg1 Rc2 31. Rd3 h5 32. Rd8+ Kh7 33. Rxc2 Rxc2 34. Rc8 Rxb2 35. c6 Rc2 36. c7 b3 37. Rb8 Rxc7 38. Rxb3 Rc4 0-1

[Event "Live Chess"]
[Site "Chess.com"]
[Date "2023.05.21"]
[Round "-"]
[White "chessfiction"]
[Black "KeithArkell"]
[Result "0-1"]
[WhiteElo "2354"]
[BlackElo "2577"]
[TimeControl "300"]
[EndTime "19:43:24 PDT"]
[Termination "KeithArkell won by resignation"]

1. e4 c6 2. d4 d5 3. Nc3 dxe4 4. f3 e3 5. Bxe3 Nd7 6. Qd2 Ngf6 7.
O-O-O Nb6 8. g4 Be6 9. Bg2 Nc4 10.
Qd3 Nxe3 11. Qxe3 Nd5 12. Nxd5 Bxd5 13. Ne2 e6 14. Nc3 Qa5 15. a3 Be7 16. Rd2 h6 17.
Nxd5 cxd5 18. Kb1 Qc7 19. f4 O-O-O 20. Rd3 Kb8 21. Rb3 h5 22. g5 g6 23. Rd1 Bd6 24. Rf1 Rc8 25. h4 Qxc2+ 26. Ka2 Qxg2 0-1

[Event "Live Chess"]
[Site "Chess.com"]
[Date "2023.05.21"]
[Round "-"]
[White "xx_blindpuffin_xx"]
[Black "ViktorTheCoolBoy"]
[Result "0-1"]
[WhiteElo "2183"]
[BlackElo "2498"]
[TimeControl "300"]
[EndTime "19:43:35 PDT"]
[Termination "ViktorTheCoolBoy won by checkmate"]

1. d4 Nf6 2. Bf4 g6 3. e3 Bg7 4. Nf3 O-O 5. h3 d6 6. Be2 Nfd7 7. O-O e5 8. Bh2 Nc6 9. c4 f5 10. Nc3 g5 11. Rb1 g4 12. hxg4 fxg4 13. Ne1 h5 14.
dxe5 Ndxe5 15. Nd5 Bf5 16. Rc1 Rf7 17. b4 h4 18. b5 Na5 19. Qd2 b6 20. Bf4 Nb7 21.
Nd3 Ng6 22. Rfe1 Qd7 23. Bg5 Be4 24. N5f4 Qf5 25. Nxg6 Qxg5 26. Ngf4 h3 27. gxh3 g3 28.
f3 Bf5 29. Kg2 Re8 30. e4 Bd7 31. Rcd1 Bh6 32. Qc1 Nc5 33. Nd5 Qh4 34. Rh1 Bxc1 35.
Nxc1 Nxe4 36. fxe4 Rf2+ 37. Kg1 Qxe4 38. Bf1 Qf3 39.
Rd3 Rxf1# 0-1

[Event "Live Chess"]
[Site "Chess.com"]
[Date "2023.05.21"]
[Round "-"]
[White "ramses-IIG"]
[Black "raminguy"]
[Result "0-1"]
[WhiteElo "870"]
[BlackElo "1958"]
[TimeControl "300"]
[EndTime "19:44:26 PDT"]
[Termination "raminguy won on time"]

1. e4 e5 2. Nf3 Nc6 3. Bc4 Bc5 4. c3 Nf6 5. d3 O-O 6. h4 d5 7. exd5 Nxd5 8. h5 Nf4 9. Bxf4 exf4 10. Qd2 Re8+ 11.
Kd1 Na5 12. Kc2 Nxc4 13. dxc4 Bf5+ 14. Kb3 Qxd2 15. Nbxd2 Bxf2 16. h6 g6 17. Kb4 c6 18.
c5 Be6 19. c4 a5+ 20. Kb3 Bxc5 21. Ne4 a4+ 22. Kc3 Bb6 23. Nd6 Ba5+ 24. Kc2 Red8 25. Nxb7 Bf5+ 26. Kc1 Rd7 27. Nxa5 Rxa5 28. Re1 Kf8 29. Ne5 Rd4 30. Rd1 Rxd1+ 31. Kxd1 Rxe5 32.
b3 Bg4+ 33. Kd2 Re2+ 34. Kd3 Rxg2 35. bxa4 Bf5+ 36. Kd4 Rd2+ 37. Kc5 Rc2 38. a5 Be6 39. Kb6 Rxc4 40. a6 Rb4+ 41. Kxc6 Ra4 42. Kb6 g5 43. a7 Bd5 44. Rd1 Be4 45. Rd8+ Ke7 46. Rh8 g4 47. a3 g3 48. Rc8 g2 49. Rc7+ Kf6 50. Rc5 g1=Q 51. Kc7 Qxc5+ 52. Kd8 Rxa7 53. Ke8 Qc7 0-1

[Event "Live Chess"]
[Site "Chess.com"]
[Date "2023.05.21"]
[Round "-"]
[White "therealab0ne"]
[Black "GEMdzq"]
[Result "0-1"]
[WhiteElo "717"]
[BlackElo "2280"]
[TimeControl "300"]
[EndTime "19:45:54 PDT"]
[Termination "GEMdzq won by resignation"]

1. e4 d6 2. Nc3 Nf6 3. Nf3 g6 4. d3 Bg7 5. Bg5 h6 6. Bxf6 Bxf6 7. Be2 c5 8. Nd5 Bg7 9. O-O Nc6 10. d4 cxd4 11. Bb5 O-O 12. Bxc6 bxc6 13. Nxd4 cxd5 14. exd5 Bb7 15. Nc6 Bxc6 16. dxc6 Qb6 17. h3 Qxc6 18.
Re1 e6 19. a4 d5 20. c3 Rab8 21. b4 Qxc3 22. Rc1 Qxb4 23. Rc7 Qb6 24. Qc2 Rb7 25.
Rc6 Qb2 26. Qxb2 Rxb2 27. Rec1 Bd4 28. R6c2 Rxc2 29. Rxc2 Rb8 30. Kf1 Rb1+ 31. Ke2 Rb2 32. Kd3 Rxc2 33. Kxc2 Bxf2 34. Kb3 e5 35. Kb4 e4 0-1

[Event "Live Chess"]
[Site "Chess.com"]
[Date "2023.05.21"]
[Round "-"]
[White "manthanit"]
[Black "grillage"]
[Result "0-1"]
[WhiteElo "1060"]
[BlackElo "1809"]
[TimeControl "300"]
[EndTime "19:46:47 PDT"]
[Termination "grillage won by checkmate"]

1. e4 d5 2. exd5 Qxd5 3. Nc3 Qd8 4. Nf3 Nf6 5. d4 Bg4 6. Be2 e6 7. h3 Bxf3 8. Bxf3 c6 9. Be3 Nbd7 10. O-O Bd6 11.
Ne2 O-O 12. c4 Re8 13. b3 Qc7 14. Kh1 Rad8 15. Ng3 Bf4 16. Bxf4 Qxf4 17. Nh5 Nxh5 18. Bxh5 Nf6 19. Bf3 Qxd4 20. Qxd4 Rxd4 21. Rad1 Red8 22. Rxd4 Rxd4 23. Rd1 Rxd1+ 24. Bxd1 c5 25. Bc2 h6 26. a3 b6 27. b4 Kf8 28. f3 Nd7 29. Kg1 Ke7 30.
Kf2 Kd6 31. Ke3 Ne5 32. Bb3 f6 33. g3 Nc6 34. bxc5+ Kxc5 35. f4 Na5 36. Ba2 Nxc4+ 37. Bxc4 Kxc4 38. Kd2 b5 39. Kc1 a5 40. Kb2 b4 41. axb4 axb4 42. Kc2 Kd4 43. Kb3 Ke4 44. Kxb4 Kf3 45. Kc5 Kxg3 46. Kd6 Kxf4 47. Kxe6 Kg3 48. Kf7 Kxh3 49. Kxg7 f5 50. Kxh6 f4 51. Kg5 f3 52. Kf4 f2 53. Kf3 f1=Q+ 54. Ke3 Qf5 55. Kd4 Kg3 56. Ke3 Qe5+ 57. Kd3 Kf3 58. Kc4 Ke3 59.
Kb3 Qc5 60. Ka4 Qb6 61. Ka3 Kd3 62. Ka4 Kc3 63. Ka3 Qb3# 0-1

[Event "Live Chess"]
[Site "Chess.com"]
[Date "2023.05.21"]
[Round "-"]
[White "garyjc"]
[Black "Fazer180"]
[Result "0-1"]
[WhiteElo "1048"]
[BlackElo "1743"]
[TimeControl "300"]
[EndTime "19:47:10 PDT"]
[Termination "Fazer180 won on time"]

1. e4 e6 2. d4 d5 3. Nc3 Bb4 4. exd5 exd5 5. Qe2+ Be6 6. a3 Bxc3+ 7. bxc3 Nc6 8. Nf3 h6 9. Ne5 Nxe5 10. Qxe5 Nf6 11. Bb5+ c6 12. Bd3 O-O 13. O-O Re8 14. Qg3 Kh8 15.
Qh4 Ne4 16. Qf4 Nxc3 17. Bb2 Nb5 18. Bxb5 cxb5 19. c3 Rc8 20. Rae1 Qc7 21. Qd2 Qc4 22. Re5 Bd7 23. Rh5 Kh7 24. Bc1 Qc6 25. Qd3+ Qg6 26. Qxg6+ fxg6 27. Rh4 Rxc3 28. Bb2 Rc2 29. Bc1 Rec8 30.
Bg5 Ra2 31. h3 Rxa3 0-1

[Event "Live Chess"]
[Site "Chess.com"]
[Date "2023.05.21"]
[Round "-"]
[White "ViktorTheCoolBoy"]
[Black "ramses-IIG"]
[Result "1-0"]
[WhiteElo "2498"]
[BlackElo "870"]
[TimeControl "300"]
[EndTime "19:47:28 PDT"]
[Termination "ViktorTheCoolBoy won by resignation"]

1. d4 d5 2. c4 dxc4 3. Nf3 b5 4. a4 c6 5. Nc3 e6 6. axb5 cxb5 7.
Nxb5 Qb6 8. Nc3 Bd7 9. e3 Qc6 10. Ra4 Qb6 11. Rxc4 Bb4 12. Ne5 Bxc3+ 13. bxc3 Bb5 14.
Rb4 a6 15. Qf3 Qa5 16. Qxf7+ Kd8 17. Bxb5 axb5 18. Qxg7 Qa3 19. Bxa3 Rxa3 20. Qxh8 Ra1+ 21. Ke2 Rg1 22. Qxg8+ Ke7 23. Qf7+ 1-0

[Event "Live Chess"]
[Site "Chess.com"]
[Date "2023.05.21"]
[Round "-"]
[White "romchyk1219"]
[Black "ClassyChameleon"]
[Result "1/2-1/2"]
[WhiteElo "646"]
[BlackElo "1077"]
[TimeControl "300"]
[EndTime "19:47:33 PDT"]
[Termination "Game drawn by repetition"]

1. e4 e5 2. Nf3 Nc6 3. Bb5 Nf6 4.
Nc3 Nd4 5. Nxd4 exd4 6. Ne2 Nxe4 7. Nxd4 Qf6 8. Nf3 Bc5 9. Qe2 Bxf2+ 10. Kf1 Qf4 11. d3 Qf6 12. Qxe4+ Kf8 13. Kxf2 d5 14. Qb4+ Kg8 15. Bg5 Qe6 16. Rae1 Qxe1+ 17. Rxe1 h6 18.
Re8+ Kh7 19. Bh4 c6 20. Ba4 Rxe8 21. c4 Be6 22. cxd5 Bxd5 23. Bc2 b5 24. d4+ Kg8 25. Qd2 Rad8 26. Qd3 g6 27. b3 Bxf3 28. Kxf3 Rd5 29.
a4 bxa4 30. bxa4 Rh5 31. g3 Rf5+ 32. Kg4 h5+ 33. Kh3 Rf2 34. Bb3 Rf8 35. Qa6 Rf3 36.
Bd1 Rf2 37. Qxc6 Rd2 38. Bxh5 gxh5 39. Qf3 Rxd4 40. Qxh5 f5 41. Qh6 Rxh4+ 42. Qxh4 f4 43. gxf4 Kg7 44. Qg4+ Kf6 45. Qh4+ Kf5 46. Qg5+ Ke4 47.
Qc5 Rxf4 48. Qc4+ Kf3 49. Qc3+ Kf2 50. Qc2+ Kf3 51. Qc3+ Kf2 52. Qc5+ Kf3 53. Qc3+ 1/2-1/2

[Event "Live Chess"]
[Site "Chess.com"]
[Date "2023.05.21"]
[Round "-"]
[White "Tushinskiy"]
[Black "alanmike75"]
[Result "1-0"]
[WhiteElo "2188"]
[BlackElo "1607"]
[TimeControl "300"]
[EndTime "19:47:38 PDT"]
[Termination "Tushinskiy won on time"]

1. d4 d5 2. c3 Nf6 3. Nf3 Nc6 4.
Bf4 e6 5. Bg3 Bd6 6. Nbd2 O-O 7.
Qc2 Re8 8. e4 dxe4 9. Nxe4 Nxe4 10. Qxe4 Bxg3 11. hxg3 h6 12. Bd3 f5 13. Qe3 e5 14.
Nxe5 Nxe5 15. dxe5 Qd5 16. f4 Qxg2 17. O-O-O Qc6 18.
Rh5 Rf8 19. Bc2 Be6 20. b3 a5 21. a4 b5 22. Rd4 bxa4 23. bxa4 Rab8 24. g4 fxg4 25. f5 Bf7 26. Rh4 Qf3 27. Qxf3 gxf3 28.
e6 Be8 29. Rhf4 Bc6 30. Rc4 Rb6 31. Rc5 Re8 32. Rxa5 Reb8 33. Re5 Be8 34. a5 Rc6 35. Rxf3 Ra8 36. Kd2 Rd6+ 37. Rd3 Rad8 38. Rxd6 Rxd6+ 39. Ke3 Rc6 40. Kd4 Rd6+ 41. Rd5 Ra6 42. Rd8 Kf8 43. Ba4 c6 44. Rc8 1-0